Map: Traitor's Exile

Players

JungleJim

  • Race: Zerg Zerg
  • League: Diamond
  • Spawn Location: 9:00

Sirion

  • Race: Terran Terran
  • Spawn Location: 12:00

PureLegacy - Winner!

  • Race: Terran Terran
  • Spawn Location: 6:00

amoxichillin - Winner!

  • Race: Protoss Protoss
  • Spawn Location: 5:00

VOD

Have the link to the VOD?

Description

Time

  • Played on: Nov. 23, 2018, 9:10 a.m.
  • Length: 7:13
Show
View Real Time Build Order
Export as new Build Order

JungleJim Zerg 

Build Orders: Pool First 

Get SALT Encoding   

  12  0:01  Drone  
  13  0:13  Overlord  
  13  0:19  Drone  
  14  0:32  Drone x2  
  16  0:36  Drone  
  16  0:41  Extractor  
  16  0:50  Spawning Pool  
  16  0:52  Drone  
  16  0:58  Drone  
  17  1:11  Drone  
  18  1:25  Hatchery  
  17  1:34  Drone  
  17  1:39  Queen  
  20  1:46  Metabolic Boost  
  20  1:53  Overlord  
  20  1:58  Zergling x2  
  20  2:00  Zergling x2  
  22  2:15  Drone  
  23  2:35  Overlord, Queen  
  25  2:39  Zergling x6  
  25  2:43  Baneling Nest  
  27  2:49  Zergling x6  
  28  3:13  Zergling x2  
  28  3:14  Zergling x8  
  33  3:24  Overlord  
  33  3:31  Zergling x4  
  35  3:42  Zergling x2  
  35  3:43  Zergling x2  
  36  3:53  Baneling x3  
  36  3:54  Baneling x2  
  35  4:02  Zergling x8  
  38  4:15  Zergling x6  
  38  4:26  Zergling x4  
  36  4:35  Zergling x2  
  36  4:36  Zergling x2  
  33  4:38  Spore Crawler  
  33  4:40  Spore Crawler  
  26  4:54  Drone x2  
  26  4:59  Zergling x4  
  24  5:15  Drone x5  
  24  5:16  Drone x3  
  32  5:24  Zergling x4  
  32  5:42  Zergling x16  
  40  5:54  Zergling x2  
  40  5:55  Zergling x2  
  40  6:05  Zergling x4  
  40  6:06  Queen  
  42  6:13  Hatchery  
  38  6:22  Zergling x12  
  39  6:35  Zergling x2  
  39  6:36  Zergling x2  
  39  6:39  Zergling x12  
  43  6:46  Zergling x4  
Show
View Real Time Build Order
Export as new Build Order

Sirion Terran 

Build Orders:  

Get SALT Encoding   

  12  0:04  SCV  
  13  0:16  SCV  
  14  0:21  Supply Depot  
  14  0:28  SCV  
  15  0:43  SCV  
  15  0:45  Barracks  
  15  0:46  Refinery  
  16  0:55  SCV  
  17  1:02  Barracks  
  17  1:08  SCV  
  18  1:20  SCV  
  19  1:35  Supply Depot  
  19  1:38  Barracks Tech Lab  
  19  1:40  Orbital Command  
  19  1:54  Barracks Reactor  
  19  1:57  Marauder  
  21  2:06  Concussive Shells  
  21  2:07  SCV  
  22  2:18  Refinery, Marauder  
  22  2:19  SCV  
  25  2:29  Supply Depot  
  25  2:31  Marine x2  
  25  2:32  SCV  
  28  2:40  Marauder  
  28  2:44  SCV  
  31  2:45  Supply Depot  
  31  2:50  Marine  
  31  2:51  Marine  
  33  2:56  SCV  
  33  2:57  Factory  
  34  3:04  Marauder  
  36  3:08  SCV  
  37  3:20  SCV  
  37  3:27  Supply Depot, Marine, Marauder  
  40  3:32  SCV  
  42  3:42  Marine  
  42  3:45  Marine  
  46  3:48  Marauder  
  46  4:02  Marine x2  
  50  4:10  Marauder  
  45  4:20  Marine x2, Widow Mine  
  45  4:24  SCV  
  47  4:30  Marine  
  41  4:44  SCV  
  36  4:54  Widow Mine  
  36  4:56  SCV  
  39  5:08  Marine  
  39  5:09  Marine x2  
  42  5:19  Starport  
  42  5:20  SCV  
  43  5:26  Marine x2  
  40  5:32  SCV  
  41  5:40  Marauder  
  39  5:44  Marine x2, SCV  
  39  5:47  Widow Mine  
  36  6:01  Marine  
  36  6:02  Marine x2  
  35  6:04  Viking  
  28  6:13  Widow Mine  
  28  6:20  Marine x2  
  29  6:34  Widow Mine  
Show
View Real Time Build Order
Export as new Build Order

PureLegacy Terran - Winner!

Build Orders:  

Get SALT Encoding   

  12  0:01  SCV  
  13  0:13  SCV  
  14  0:18  Supply Depot  
  14  0:25  SCV  
  15  0:30  Refinery  
  15  0:40  SCV  
  16  0:48  Barracks  
  16  0:52  SCV  
  17  1:03  Barracks  
  17  1:17  Barracks  
  17  1:20  SCV  
  18  1:36  Reaper  
  19  1:40  Orbital Command  
  19  1:48  Refinery  
  19  1:50  Reaper  
  20  2:01  Supply Depot  
  20  2:04  Reaper  
  21  2:08  Reaper  
  21  2:15  SCV  
  23  2:25  Supply Depot  
  23  2:32  Reaper  
  23  2:34  SCV  
  25  2:38  Reaper  
  26  2:45  Reaper  
  27  2:55  SCV  
  28  3:11  Reaper  
  29  3:13  Command Center  
  29  3:14  Reaper  
  29  3:15  SCV  
  31  3:21  Reaper  
  32  3:29  Engineering Bay  
  32  3:30  SCV  
  32  3:43  Reaper  
  32  3:46  Reaper  
  34  3:54  Reaper  
  35  3:58  Barracks x2  
  35  4:00  Terran Infantry Weapons Level 1  
  33  4:25  Reaper  
  33  4:29  Reaper  
  23  4:50  Reaper x2  
  23  4:51  SCV  
  25  4:54  Orbital Command  
  25  4:58  Reaper  
  26  5:03  SCV  
  27  5:09  Supply Depot  
  27  5:11  Reaper  
  28  5:15  Reaper, SCV  
  30  5:25  Reaper  
  30  5:26  SCV  
  32  5:34  Reaper  
  33  5:39  SCV  
  33  5:40  SCV  
  33  5:41  Reaper  
  36  5:44  Refinery  
  36  5:46  Reaper  
  37  5:56  Reaper  
  36  5:58  SCV x2  
  36  6:00  Refinery  
  38  6:05  Reaper  
  39  6:16  Reaper  
  40  6:21  Reaper  
  40  6:24  SCV  
  42  6:29  SCV  
  42  6:32  Reaper  
  44  6:36  SCV  
  44  6:39  Reaper  
  46  6:41  SCV  
Show
View Real Time Build Order
Export as new Build Order

amoxichillin Protoss - Winner!

Build Orders: Oracle Opening 

Get SALT Encoding   

  12  0:02  Probe  
  13  0:14  Probe  
  14  0:24  Pylon  
  14  0:26  Probe  
  16  0:42  Probe  
  16  0:44  Gateway  
  16  0:52  Assimilator  
  16  0:54  Probe  
  17  1:03  Probe, Pylon  
  17  1:07  Assimilator  
  18  1:12  Probe  
  19  1:21  Probe  
  20  1:33  Probe, Cybernetics Core  
  21  1:45  Probe  
  22  1:57  Probe  
  22  2:01  Gateway  
  23  2:03  Warp Gate  
  23  2:04  Zealot  
  25  2:09  Probe  
  26  2:16  Stargate  
  26  2:21  Probe  
  27  2:31  Adept  
  27  2:35  Pylon  
  29  3:00  Oracle  
  32  3:11  Pylon  
  32  3:17  Nexus  
  32  3:25  Pylon  
  32  3:43  Void Ray  
  36  4:09  Zealot x2  
  40  4:26  Void Ray  
  40  4:30  Nexus  
  38  4:34  Pylon  
  36  4:53  Gateway  
  36  4:56  Stargate  
  36  5:18  Probe  
  36  5:24  Void Ray  
  36  5:26  Probe  
  41  5:29  Stalker x2  
  46  5:36  Probe  
  44  5:48  Probe  
  45  6:06  Void Ray  
  45  6:09  Void Ray  
  53  6:13  Zealot x2  
  53  6:15  Zealot  
  51  6:59  Pylon  
Tags
 
Add a new tag
Caveats
  • Supply blocks, unpowered buildings, or Contaminate may cause inaccurate times.
  • Supply counts are checked every 10 seconds.